 Dungeon Crawl Stone Soup version 0.29.1-12-g30fa7ad0bf (webtiles) character file.

Game seed: 10145400321341676851

1719 112233 the Ruffian (level 9, -1/62 HPs)
             Began as an Octopode Fighter on Dec 17, 2022.
             Was an Initiate of Gozag.
             Slain by a gnoll sergeant
             ... wielding a +4 trident of pain
              (12 damage)
             ... on level 6 of the Dungeon.
             The game lasted 00:05:16 (6763 turns).

112233 the Ruffian (Octopode Fighter)               Turns: 6763, Time: 00:05:18

Health: -1/62      AC:  1    Str: 15    XL:     9   Next: 4%
Magic:  9/9        EV: 15    Int: 13    God:    Gozag
Gold:   79         SH:  5    Dex: 13    Spells: 8/8 levels left

rFire   . . .      SeeInvis .     - Unarmed
rCold   . . .      Faith    .   a - +0 buckler
rNeg    + . .      Spirit   .   (helmet restricted)
rPois   .          Reflect  .   (no amulet)
rElec   .          Harm     .   o - ring of positive energy
rCorr   .          Rampage  .   (no ring)
Will    .....                   (no ring)
Stlth   ++........              (no ring)
HPRegen 0.20/turn               (no ring)
MPRegen 0.11/turn               (no ring)
                                (no ring)
                                (no ring)

@: about to teleport, on berserk cooldown, slowed, very slow
A: almost no armour, amphibious, 8 rings, camouflage 1, gelatinous body 1,
(nimble swimmer 1), tentacles
a: Renounce Religion, Potion Petition, Call Merchant, Bribe Branch


You were on level 6 of the Dungeon.
You worshipped Gozag.
Gozag was noncommittal.
You visited 2 branches of the dungeon, and saw 7 of its levels.

You collected 715 gold pieces.
You paid 636 gold pieces to Gozag.

Inventory:

Armour
 a - a +0 buckler (worn)
Magical Staves
 l - a staff of cold
Jewellery
 o - a ring of positive energy (left tentacle)
 v - a ring of willpower
Wands
 k - a wand of polymorph (4)
Scrolls
 b - 2 scrolls of magic mapping
 e - a scroll of vulnerability
 f - a scroll of noise
 g - a scroll of enchant armour
 j - 2 scrolls of poison
 n - a scroll of torment {unknown}
 p - 2 scrolls of teleportation
 q - a scroll of fear {unknown}
 t - a scroll of immolation {unknown}
Potions
 c - a potion of experience {unknown}
 d - a potion of flight {unknown}
 h - 2 potions of brilliance
 i - a potion of lignification
 m - a potion of ambrosia {unknown}
 s - a potion of cancellation {unknown}
 u - a potion of might


   Skills:
 + Level 5.9 Fighting
 + Level 5.9 Dodging
 + Level 5.9 Shields
 * Level 7.1 Unarmed Combat


You had 8 spell levels left.
You didn't know any spells.
Your spell library contained the following spells:

 Spells                   Type           Power      Damage    Failure   Level
 Inner Flame              Hex/Fire       0%         N/A       75%         3
 Cause Fear               Hex            0%         N/A       98%         4
 Discord                  Hex            0%         N/A       100%        8


Dungeon Overview and Level Annotations

Branches:
Dungeon (6/15)             Temple (1/1) D:4

Altars:
Ashenzari
Cheibriados
Dithmenos
Elyvilon
Fedhas
Gozag
Kikubaaqudgha
Makhleb
Nemelex Xobeh
Qazlal
Ru
Sif Muna
Uskayaw
Vehumet
Wu Jian
Xom
Yredelemnul
Zin

Annotations:
D:5 1 runed translucent door, Crazy Yiuf


Innate Abilities, Weirdness & Mutations

You cannot wear most types of armour.
You are amphibious.
You can wear up to eight rings at the same time.
Your skin changes colour to match your surroundings (Stealth+).
Your rubbery body absorbs attacks. (AC +1, EV +1)
((You are camouflaged when in or above water. (Stealth+)))
You have tentacles for arms and can constrict up to eight enemies at once.


Message History

A red film seems to cover your vision as you go berserk!
You feel yourself moving faster!
You feel mighty!
You feel better. Magic courses through your body.
The gnoll hits you from afar with a +0 spear.
The gnoll sergeant barely misses you.
You tear a large gash into the net.
You feel a strong urge to attack something.
The gnoll barely misses you.
You struggle against the net.
Unknown command.
Unknown command.
You shred the net and break free!
You feel your anger nearly subside. You block the gnoll's attack.
The gnoll sergeant misses you.
You tentacle-slap the gnoll sergeant but do no damage.
Your grab misses the gnoll sergeant. Your squeeze misses the gnoll sergeant.
The gnoll sergeant is lightly wounded.
The gnoll hits you from afar with a +0 spear!
The gnoll hits you with a +0 club!
The gnoll sergeant hits you with a +4 trident of pain!
* * * LOW HITPOINT WARNING * * *
You are no longer berserk.
You are exhausted.
You feel yourself slow down.
Unknown command.
Okay, then.
Okay, then.
You feel better. The gnoll sergeant closely misses you.
The gnoll closely misses you. The gnoll sergeant misses you.
Unknown command.
The gnoll attacks as you move away! The gnoll closely misses you.
Unknown command.
As you read the scroll of teleportation, it crumbles to dust.
You feel strangely unstable. The gnoll hits you with a +0 club.
* * * LOW HITPOINT WARNING * * *
You block the gnoll sergeant's attack. The gnoll hits you with a +0 club.
* * * LOW HITPOINT WARNING * * *
The gnoll sergeant hits you from afar with a +4 trident of pain!
You die...
Your body crumbles into a pile of gold.

#.# #.# ## ####.# .
...#.#.# .#.#.#.###.#
##### ...........#
#gg.# #..<# #g#.#
.###.# #g#g#
.....###########@#g.
...............#.####
#############.##.#
#.##.# #.##.# #....#
######


You could see a gnoll sergeant and 3 gnolls.

Vanquished Creatures
  Prince Ribbit (D:5)
  Sigmund (D:5)
  A water moccasin (D:5)
  An ice beast (D:5)
  A black bear (D:4)
  A phantom (D:4)
  A bullfrog (D:6)
  2 necrophages (D:4)
  4 scorpions
  2 howler monkeys (D:5)
  3 jellies
  An orc priest (D:4)
  3 hounds
  Ijyb (D:3)
  An iguana (D:4)
  2 orc wizards
  8 adders
  A gnoll (D:3)
  3 ufetubi (D:4)
  4 dart slugs
  6 orcs
  5 ball pythons
  8 bats
  8 endoplasms
  9 goblins
  9 hobgoblins
  4 jackals
  5 kobolds
  4 quokkas
  12 frilled lizards
  7 rats
119 creatures vanquished.

Vanquished Creatures (others)
  6 plants (D:3)
6 creatures vanquished.

Grand Total: 125 creatures vanquished

Notes
Turn   | Place    | Note
-------+----------+-------------------------------------------
     0 | D:1      | 112233 the Octopode Fighter began the quest for the Orb.
     0 | D:1      | Reached XP level 1. HP: 16/16 MP: 1/1
   211 | D:2      | Reached XP level 2. HP: 15/21 MP: 2/2
   410 | D:2      | Reached XP level 3. HP: 18/26 MP: 3/3
  1211 | D:3      | Reached XP level 4. HP: 21/31 MP: 4/4
  1770 | D:3      | Reached skill level 3 in Unarmed Combat
  1770 | D:3      | Reached XP level 5. HP: 28/37 MP: 5/5
  3074 | D:3      | Noticed Ijyb
  3082 | D:3      | Killed Ijyb
  3302 | D:4      | Found a blossoming altar of Fedhas.
  3327 | D:4      | Reached XP level 6. HP: 13/43 MP: 6/6
  3335 | D:4      | HP: 2/43 [poisoned by a scorpion]
  3721 | D:4      | Found a staircase to the Ecumenical Temple.
  3845 | Temple   | Entered the Ecumenical Temple
  4478 | D:4      | Reached skill level 4 in Unarmed Combat
  4649 | D:4      | Reached XP level 7. HP: 27/49 MP: 7/7
  4993 | D:4      | Reached skill level 5 in Unarmed Combat
  5001 | D:4      | Reached skill level 5 in Fighting
  5001 | D:4      | Reached skill level 5 in Dodging
  5001 | D:4      | Reached skill level 5 in Shields
  5255 | D:4      | Reached XP level 8. HP: 51/55 MP: 8/8
  5354 | D:4      | Found an opulent altar of Gozag.
  5354 | D:4      | Found a glowing silver altar of Zin.
  5557 | D:4      | Became a worshipper of Gozag Ym Sagoz the Greedy
  5596 | D:5      | Entered Level 5 of the Dungeon
  5671 | D:5      | Noticed Prince Ribbit
  5697 | D:5      | Killed Prince Ribbit
  5698 | D:5      | Reached skill level 6 in Unarmed Combat
  5771 | D:5      | Noticed Sigmund
  5779 | D:5      | Killed Sigmund
  6165 | D:5      | Reached skill level 7 in Unarmed Combat
  6165 | D:5      | Reached XP level 9. HP: 62/62 MP: 9/9
  6368 | D:5      | Found a runed translucent door.
  6369 | D:5      | Noticed Crazy Yiuf
  6763 | D:6      | Slain by a gnoll sergeant

Illustrated notes

Levels and vault maps discovered:
D:1:      minmay_arrival_split_and_join, layout_basic, minivault_14
D:2:      layout_basic, serial_rivers, chequers_serial_rivers_small_b,
          chequers_serial_rivers_large_a, chequers_serial_rivers_small_a,
          chequers_serial_rivers_small_b
D:3:      layout_basic, ebering_ecumenical_altar_rust, minmay_lizard_king,
          uniq_ijyb
D:4:      minmay_polygon_palace, layout_loops_ring,
          grunt_temple_overflow_gold_and_silver, fedhas_altar_3,
          minmay_temple_entry_poolview
D:5:      layout_loops_ring, uniq_prince_ribbit1, uniq_crazy_yiuf_cottage,
          uniq_sigmund
D:6:      layout_basic
Temple:   regret_index_temple_waves

Skill      XL: |  1  2  3  4  5  6  7  8 |
---------------+-------------------------+-----
Unarmed Combat | 3 4 5 7 |  7.1
Dodging        | 4 5 |  5.9
Shields        | 4 5 |  5.9
Fighting       | 4 5 |  5.9

Action                   |  1- 3 |  4- 6 |  7- 9 || total
-------------------------+-------+-------+-------++-------
Melee: Unarmed           |    76 |   115 |    88 ||   279
       Constrict         |    17 |    26 |    16 ||    59
       Tentacles         |    15 |    32 |    16 ||    63
       Punch             |     1 |     4 |     9 ||    14
Invok: Potion Petition   |       |       |     1 ||     1
Evoke: Wand              |       |       |     2 ||     2
  Use: Potion            |       |     2 |     7 ||     9
       Scroll            |       |       |     9 ||     9
 Stab: Sleeping          |     6 |    11 |     1 ||    18
Armor: Skin              |     8 |     1 |    14 ||    23
Dodge: Dodged            |    50 |    54 |    39 ||   143
Block: Buckler           |    19 |    18 |    10 ||    47
